 Dungeon Crawl Stone Soup version 0.30-a0-722-g3e6e8c874d (webtiles) character file.

Game seed: 9843752975071982688

26541 pokeman the Eclecticist (level 12, 0/66 HPs)
             Began as a Deep Elf Hedge Wizard on Jan 27, 2023.
             Was an Elder of Vehumet.
             Shot with an arrow by a centaur warrior (23 damage)
             ... on level 13 of the Dungeon on Jan 28, 2023.
             The game lasted 01:06:05 (17473 turns).

pokeman the Eclecticist (Deep Elf Hedge Wizard)    Turns: 17473, Time: 01:06:06

Health: 0/66       AC: 11    Str:  6    XL:     12   Next: 99%
Magic:  35/39      EV: 12    Int: 30    God:    Vehumet [****..]
Gold:   615        SH:  4    Dex: 18    Spells: 24/47 levels left

rFire   . . .      SeeInvis .    U - +8 autumn katana {manifold assault}
rCold   . . .      Faith    .    (no shield)
rNeg    . . .      Spirit   .    s - +0 troll leather armour
rPois   .          Reflect  .    o - +2 hat
rElec   .          Harm     .    v - +0 cloak
rCorr   .          Rampage  .    m - +0 pair of gloves
Will    +....                    (no boots)
Stlth   ++                       (no amulet)
HPRegen 1.11/turn                G - +6 ring of intelligence
MPRegen 0.26/turn                (no ring)

@: no status effects
A: horns 1, iridescent scales 1, large bone plates 1, agile 1, high MP 1
a: Renounce Religion


You were on level 13 of the Dungeon.
You worshipped Vehumet.
Vehumet was greatly pleased with you.
You visited 2 branches of the dungeon, and saw 14 of its levels.

You collected 842 gold pieces.
You spent 227 gold pieces at shops.

Inventory:

Hand Weapons
 T - the +5 hand axe of Nootz {spect, rElec rC+ Dex-3}
   (You found it on level 12 of the Dungeon)

   Dex:       It affects your dexterity (-3).
   rC:        It protects you from cold.
   rElec:     It insulates you from electricity.
 U - the +8 autumn katana (weapon) {manifold assault}
   (You found it on level 12 of the Dungeon)

   Manifold Assault: It sometimes launches melee attacks against multiple
   visible enemies.
Missiles
 M - a curare-tipped dart
Armour
 b - a +2 helmet of see invisible
 m - a +0 pair of gloves (worn)
 o - a +2 hat (worn)
 s - a +0 troll leather armour (worn)
 v - a +0 cloak (worn)
 X - a +0 buckler of protection
Magical Staves
 a - a staff of fire
Jewellery
 G - a +6 ring of intelligence (left hand)
Wands
 q - a wand of paralysis (3)
 A - a wand of digging (6)
 S - a wand of polymorph (9)
Scrolls
 i - 2 scrolls of magic mapping
 k - 6 scrolls of teleportation
 x - 4 scrolls of blinking
 y - a scroll of poison
 B - a scroll of fog {unknown}
 D - 2 scrolls of immolation {unknown}
 I - a scroll of enchant armour {unknown}
 L - 2 scrolls of noise {unknown}
 R - 2 scrolls of amnesia {unknown}
Potions
 c - 2 potions of ambrosia
 d - a potion of magic
 n - 4 potions of haste
 z - a potion of flight {unknown}
 C - 3 potions of curing
 H - a potion of attraction {unknown}
 K - a potion of resistance {unknown}
 N - a potion of invisibility {unknown}
 O - 2 potions of heal wounds
 W - a potion of lignification {unknown}
Miscellaneous
 t - a piece from Xom's chessboard (15/15)


   Skills:
 - Level 4.0 Fighting
 - Level 6.2 Armour
 - Level 3.1 Dodging
 - Level 3.0 Stealth
 + Level 2.0 Shields
 * Level 18.2 Spellcasting
 + Level 11.0 Conjurations
 - Level 1.1 Summonings
 - Level 1.4 Necromancy
 - Level 1.1 Translocations
 + Level 10.2 Fire Magic
 - Level 1.3 Ice Magic
 - Level 1.0 Air Magic
 - Level 1.1 Earth Magic
 - Level 2.2 Poison Magic
 - Level 1.3 Evocations


You had 24 spell levels left.
You knew the following spells:

 Your Spells              Type           Power      Damage    Failure   Level
a - Magic Dart            Conj           100%       1d8       1%          1
b - Mephitic Cloud        Conj/Pois/Air  54%        N/A       1%          3
c - Call Imp              Summ           34%        N/A       1%          2
d - Blink                 Tloc           68%        N/A       1%          2
e - Iron Shot             Conj/Erth      29%        9d6       8%          6
f - Flame Wave            Conj/Fire      74%        2d16      1%          4
g - Freezing Cloud        Conj/Ice/Air   26%        6-21      2%          5

Your spell library contained the following spells:

 Spells                   Type           Power      Damage    Failure   Level
 Cigotuvi's Dreadful Rot  Necr/Pois/Air  72%        N/A       1%          2
 Ignite Poison            Fire/Tmut/Pois 51%        N/A       1%          3
 Kindle Blastsparks       Fire/Tloc/Air  100%       2d18      1%          3
 Irradiate                Conj/Tmut      28%        3d21      1%          5
 Beastly Appendage        Tmut           54%        N/A       2%          1
 Slow                     Hex            100%       N/A       2%          1
 Tukima's Dance           Hex            27%        N/A       7%          3
 Animate Dead             Necr           36%        N/A       12%         4
 Animate Armour           Summ/Erth      68%        N/A       14%         4
 Manifold Assault         Tloc           34%        N/A       14%         4
 Passage of Golubria      Tloc           34%        N/A       14%         4
 Yara's Violent Unravell  Hex/Tmut       13%        3d7       16%         5
 Cause Fear               Hex            13%        N/A       22%         4
 Borgnjor's Vile Clutch   Necr/Erth      17%        N/A       34%         5
 Blade Hands              Tmut           13%        N/A       52%         5
 Death Channel            Necr           18%        N/A       88%         6
 Dispersal                Tloc           17%        N/A       91%         6
 Dragon Form              Tmut           13%        N/A       100%        7
 Disjunction              Tloc           17%        N/A       100%        8
 Dragon's Call            Summ           17%        N/A       100%        9


Dungeon Overview and Level Annotations

Branches:
Dungeon (13/15)            Temple (1/1) D:4            Lair (0/5) D:11
    Orc (0/2) D:10
 Vaults: D:13-14

Altars:
Ashenzari
Cheibriados
Dithmenos
Elyvilon
Fedhas
Gozag
Hepliaklqana
Kikubaaqudgha
Makhleb
Nemelex Xobeh
Okawaru
Qazlal
Ru
Sif Muna
Trog
Uskayaw
Vehumet
Wu Jian
Xom
Yredelemnul
Zin
The Shining One

Shops:
D:1 (*[?   D:8 *   D:10 [(

Portals:
Abyss: D:11


Innate Abilities, Weirdness & Mutations

You have a pair of small horns on your head.
You are partially covered in iridescent scales. (AC +2)
You are partially covered in large bone plates. (SH +4)
You are agile. (Dex +4, Str/Int -1)
You have an increased reservoir of magic. (+10% MP)


Message History

Press: ? - help, Shift-Dir - straight line The ball explodes into a vile cloud!
The stinking cloud engulfs the centaur warrior but does no damage.
The centaur warrior shouts!
The orc shouts!
You hear a shout!
The orc shouts!
The centaur warrior is engulfed in noxious fumes.
The centaur warrior wields a +0 longbow.
The centaur warrior shoots an arrow.
The arrow closely misses you.
An orc comes into view. It is wielding a +0 dagger.
An orc wizard comes into view. It is wielding a +0 dagger.
The centaur warrior is engulfed in noxious fumes.
The centaur warrior shoots an arrow.
The arrow hits you!!
You hear a shout!
You hear a shout!
The centaur warrior is engulfed in noxious fumes.
The centaur warrior shoots an arrow.
The arrow closely misses you.
The centaur warrior is engulfed in noxious fumes.
The centaur warrior shoots an arrow.
The arrow hits you.
Casting: Mephitic Cloud (safe; 1% risk of failure)
Confirm with . or Enter, or press ? or * to list all spells.
Casting: Flame Wave (safe; 1% risk of failure)
Press: ? - help, Dir - look around, f - activate A wave of flame ripples out!
The flame wave engulfs the orc!
You kill the orc!
Vehumet accepts your kill.
You feel your power returning. (Press . to intensify the flame waves.)
The centaur warrior is engulfed in noxious fumes.
The centaur warrior shoots an arrow.
You block the arrow.
A wave of flame ripples out!
The flame wave engulfs the orc!!
You kill the orc!
Vehumet accepts your kill.
You feel your power returning.
The flame wave engulfs the orc.
You kill the orc!
Vehumet accepts your kill.
You feel your power returning.
The centaur warrior is engulfed in noxious fumes.
The centaur warrior shoots an arrow.
The arrow hits you!!
The centaur warrior is engulfed in noxious fumes.
The centaur warrior shoots an arrow.
The arrow hits you!!
You die...

###########
.......@..#
.###.#).$..#
...)...^○c#
..o#....$##○#
..##.#....##
# . # #.###.
.. .# ## .#


You could see a centaur warrior and an orc wizard.

Vanquished Creatures
  A stone giant (D:12)
  Harold (D:10)
  The ghost of IdlyInterested the Slicer, a journeyman DsMo (D:11)
  The ghost of Newt the Slicer, a journeyman DsGl of Dithmenos (D:8)
  6 two-headed ogres
  A boulder beetle (D:11)
  4 cyclopes
  4 ugly things
  The ghost of holysushi the Conjurer, a novice OpCj (D:7)
  A rust devil (D:11)
  2 toenail golems (D:11)
  2 moths of wrath
  Joseph (D:10)
  A gargoyle (D:11)
  2 unseen horrors
  3 trolls
  Grinder (D:4)
  A hornet (D:9)
  4 shadows
  14 yaks
  A wraith (D:8)
  3 wyverns
  A steam dragon (D:8)
  Eustachio (D:5)
  2 basilisks (D:12)
  Edmund (D:4)
  2 acid dragons
  3 water moccasins
  7 orc warriors
  2 sky beasts
  3 ice beasts
  2 black bears
  10 ogres
  6 centaurs
  A phantom (D:5)
  3 kobold brigands
  7 bullfrogs
  4 gnoll sergeants
  7 scorpions
  A necrophage (D:6)
  7 wights
  14 killer bees
  An electric eel (D:9)
  A howler monkey (D:6)
  4 hounds
  A jelly (D:7)
  6 orc priests
  A gnoll bouda (D:8)
  Crazy Yiuf (D:4)
  2 iguanas
  9 orc wizards
  Natasha (thrice) (D:2)
  Robin (D:2)
  7 gnolls
  12 adders
  A white imp (D:6)
  An ufetubus (D:5)
  3 worms
  2 dart slugs (D:5)
  54 orcs
  4 endoplasms
  4 giant cockroaches
  10 goblins
  13 hobgoblins
  17 kobolds
  7 quokkas
  4 ball pythons
  7 bats
  2 frilled lizards
  5 rats
323 creatures vanquished.

Vanquished Creatures (collateral kills)
  2 two-headed ogres (D:12)
  A cyclops (D:12)
  A troll (D:12)
  2 ogres
  A wight (D:7)
  A killer bee (D:11)
  An orc wizard (D:8)
  A worm (D:2)
  3 orcs
  2 goblins (D:2)
  A kobold (D:2)
16 creatures vanquished.

Vanquished Creatures (others)
  A killer bee (D:8)
  20 fungi (D:11)
  11 plants
32 creatures vanquished.

Grand Total: 371 creatures vanquished

Notes
Turn   | Place    | Note
-------+----------+-------------------------------------------
     0 | D:1      | pokeman the Deep Elf Hedge Wizard began the quest for the
                  | Orb.
     0 | D:1      | Reached XP level 1. HP: 10/10 MP: 7/7
   397 | D:1      | Reached XP level 2. HP: 11/16 MP: 1/9
   530 | D:1      | Found Agguist's Magic Scroll Emporium.
   547 | D:1      | Found Lithrayf's Antique Armour Boutique.
   660 | D:1      | Found a faded altar of an unknown god.
   740 | D:1      | Found Destre's Assorted Antiques.
   773 | D:1      | Found Zian's Antique Weapon Boutique.
  1055 | D:1      | Reached skill level 5 in Spellcasting
  1251 | D:1      | Reached XP level 3. HP: 19/20 MP: 8/11
  1255 | D:1      | Learned a level 3 spell: Mephitic Cloud
  1258 | D:1      | Learned a level 2 spell: Call Imp
  1261 | D:1      | Learned a level 2 spell: Blink
  1564 | D:2      | Noticed Robin
  1592 | D:1      | Reached skill level 1 in Fighting
  1764 | D:2      | Killed Robin
  1765 | D:2      | Reached skill level 1 in Armour
  1769 | D:2      | Noticed Natasha
  1773 | D:2      | Killed Natasha
  1774 | D:2      | Reached XP level 4. HP: 19/25 MP: 3/13
  2131 | D:2      | Noticed Natasha
  2144 | D:2      | Killed Natasha
  2409 | D:2      | Noticed Natasha
  2428 | D:2      | Killed Natasha
  2429 | D:2      | Reached skill level 6 in Spellcasting
  2429 | D:2      | Reached XP level 5. HP: 22/29 MP: 4/15
  3651 | D:4      | Reached skill level 1 in Evocations
  3674 | D:4      | Reached XP level 6. HP: 34/34 MP: 5/17
  3762 | D:4      | Learned a level 6 spell: Iron Shot
  3809 | D:4      | Reached skill level 1 in Fire Magic
  3812 | D:4      | Reached skill level 7 in Spellcasting
  3814 | D:4      | Gained mutation: Your body sometimes deteriorates upon
                  | taking damage. [potion of mutation]
  3814 | D:4      | Gained mutation: You are partially covered in iridescent
                  | scales. (AC +2) [potion of mutation]
  3814 | D:4      | Gained mutation: You have hidden genetic potential. [potion
                  | of mutation]
  3814 | D:4      | HP: 1/34 [poisoned by a scorpion]
  3941 | D:4      | Noticed Grinder
  3943 | D:4      | Paralysed by Grinder for 2 turns
  3959 | D:4      | Killed Grinder
  3960 | D:4      | Reached skill level 1 in Poison Magic
  3960 | D:4      | Reached XP level 7. HP: 24/38 MP: 5/20
  4091 | D:4      | Found a staircase to the Ecumenical Temple.
  4099 | Temple   | Entered the Ecumenical Temple
  4470 | D:4      | Noticed Edmund
  4501 | D:4      | Killed Edmund
  4502 | D:4      | Reached skill level 8 in Spellcasting
  4513 | D:4      | Gained mutation: You have an increased reservoir of magic.
                  | (+10% MP) [hidden potential]
  4610 | D:4      | Reached skill level 1 in Air Magic
  4698 | D:4      | Found a runed translucent door.
  4699 | D:4      | Noticed Crazy Yiuf
  5134 | D:4      | Killed Crazy Yiuf
  5193 | D:5      | Entered Level 5 of the Dungeon
  5207 | D:5      | Found an iron altar of Okawaru.
  5332 | D:5      | Reached skill level 1 in Earth Magic
  5510 | D:5      | Noticed Eustachio
  5531 | D:5      | Killed Eustachio
  5532 | D:5      | Reached skill level 9 in Spellcasting
  5532 | D:5      | Reached XP level 8. HP: 26/44 MP: 13/25
  5618 | D:5      | Noticed a +0 hand axe
  5619 | D:5      | Noticed a +0 dagger
  5622 | D:5      | Found a hide-covered altar of Uskayaw.
  5646 | D:5      | Gained mutation: You have great hidden genetic potential.
                  | [hidden potential]
  5646 | D:5      | Lost mutation: You have great hidden genetic potential.
                  | [hidden potential expressed]
  5784 | D:5      | Reached skill level 5 in Conjurations
  5904 | D:5      | Reached skill level 10 in Spellcasting
  6878 | D:6      | Reached XP level 9. HP: 48/48 MP: 28/28
  6878 | D:6      | Found a glowing silver altar of Zin.
  6945 | D:6      | Reached skill level 11 in Spellcasting
  6948 | D:6      | Gained mutation: You are partially covered in large bone
                  | plates. (SH +4) [hidden potential]
  7197 | D:6      | Found a sparkling altar of Nemelex Xobeh.
  7247 | D:6      | Reached skill level 5 in Fire Magic
  7372 | D:6      | Found a stormy altar of Qazlal.
  7836 | D:7      | Found a transporter.
  7858 | D:7      | Noticed a two-headed ogre
  7867 | D:7      | Noticed a moth of wrath
  7868 | D:7      | Found a bloodstained altar of Trog.
  7868 | D:7      | Found a transporter.
  7868 | D:7      | Noticed holysushi's ghost (novice OpCj)
  8222 | D:7      | Found a snail-covered altar of Cheibriados.
  8256 | D:7      | Found an ancient bone altar of Kikubaaqudgha.
  8259 | D:7      | Found a shimmering blue altar of Sif Muna.
  8261 | D:7      | Found a radiant altar of Vehumet.
  8267 | D:7      | Became a worshipper of Vehumet
  8275 | D:7      | Got Sif Muna's Octavo of Transformation
  8434 | D:7      | Reached skill level 12 in Spellcasting
  8928 | D:8      | Found a transporter.
  8990 | D:8      | Found a transporter.
  9432 | D:8      | Reached XP level 10. HP: 16/56 MP: 16/31
  9696 | D:8      | Found Onkunn's Assorted Antiques.
  9720 | D:8      | Reached * piety under Vehumet
  9720 | D:8      | Offered knowledge of Kiss of Death by Vehumet.
  9749 | D:8      | Gained mutation: You are agile. (Dex +4, Str/Int -1)
                  | [hidden potential]
  9749 | D:8      | Lost mutation: You have hidden genetic potential. [hidden
                  | potential expressed]
  9755 | D:8      | Lost mutation: Your body sometimes deteriorates upon taking
                  | damage. [potion of mutation]
  9755 | D:8      | Lost mutation: You are agile. (Dex +4, Str/Int -1) [potion
                  | of mutation]
  9755 | D:8      | Gained mutation: You have a pair of small horns on your
                  | head. [potion of mutation]
  9755 | D:8      | Gained mutation: You are agile. (Dex +4, Str/Int -1)
                  | [potion of mutation]
  9759 | D:8      | Bought a scroll labelled DED POBUSUR for 23 gold pieces
  9759 | D:8      | Bought a scroll labelled OVACEM ETSECS for 23 gold pieces
  9959 | D:8      | Found a hazy altar of Hepliaklqana.
 10313 | D:8      | Noticed Newt's ghost (journeyman DsGl)
 10348 | D:8      | Noticed a moth of wrath
 10535 | D:1      | Bought a scroll of identify for 22 gold pieces
 10535 | D:1      | Bought a scroll of identify for 22 gold pieces
 10535 | D:1      | Bought a scroll of teleportation for 33 gold pieces
 10535 | D:1      | Bought a scroll of identify for 22 gold pieces
 10535 | D:1      | Bought a scroll of identify for 22 gold pieces
 10535 | D:1      | Bought a scroll of teleportation for 33 gold pieces
 10556 | D:1      | Bought a smoky sapphire potion for 27 gold pieces
 10847 | D:9      | Reached skill level 13 in Spellcasting
 10926 | D:9      | Found a shimmering altar of Xom.
 10926 | D:9      | Found a shimmering altar of Xom.
 10926 | D:9      | Found a shimmering altar of Xom.
 10926 | D:9      | Found a shimmering altar of Xom.
 10927 | D:9      | Found a shimmering altar of Xom.
 11247 | D:9      | Found a bloodstained altar of Trog.
 11406 | D:9      | Noticed a cyclops
 11417 | D:9      | Killed a cyclops
 11418 | D:9      | Reached skill level 1 in Necromancy
 11687 | D:9      | Noticed a manticore
 11687 | D:9      | Noticed an ice dragon
 11694 | D:9      | a manticore changed into a glowing orange brain
 11694 | D:9      | Noticed a glowing orange brain (shapeshifter)
 11734 | D:9      | a glowing orange brain changed into a cyclops
 11734 | D:9      | Noticed a cyclops (shapeshifter)
 11743 | D:9      | a cyclops changed into a redback
 11744 | D:9      | an ice dragon changed into a spark wasp
 11744 | D:9      | Noticed a spark wasp (shapeshifter)
 11780 | D:10     | Entered Level 10 of the Dungeon
 11791 | D:10     | Noticed Harold
 11820 | D:10     | Killed Harold
 11980 | D:10     | Reached skill level 14 in Spellcasting
 12077 | D:10     | Noticed Joseph
 12108 | D:10     | Killed Joseph
 12197 | D:10     | Found Ismijaf's Armour Emporium.
 12199 | D:10     | Found a staircase to the Orcish Mines.
 12202 | D:10     | Reached ** piety under Vehumet
 12209 | D:10     | Found Cuutop's Weapon Emporium.
 12230 | D:10     | Offered knowledge of Scorch by Vehumet.
 12542 | D:10     | Found a shadowy altar of Dithmenos.
 12606 | D:10     | Found a white marble altar of Elyvilon.
 12631 | D:10     | Reached XP level 11. HP: 52/61 MP: 30/34
 13483 | D:11     | Noticed a two-headed ogre
 13545 | D:11     | Killed a two-headed ogre
 13546 | D:11     | Reached skill level 15 in Spellcasting
 13750 | D:11     | Noticed a boulder beetle
 13839 | D:11     | Offered knowledge of Inner Flame by Vehumet.
 14040 | D:11     | Killed a boulder beetle
 14155 | D:11     | Found a transporter.
 14159 | D:11     | Found a transporter.
 14172 | D:11     | Noticed a green ugly thing
 14173 | D:11     | Noticed IdlyInterested's ghost (journeyman DsMo)
 14284 | D:11     | Found a staircase to the Lair.
 14303 | D:12     | Noticed a white ugly thing
 14315 | D:12     | Noticed a cyan ugly thing
 14343 | D:12     | Reached *** piety under Vehumet
 14432 | D:12     | Noticed a two-headed ogre
 14432 | D:12     | Noticed a green ugly thing
 14491 | D:11     | Killed a green ugly thing
 14492 | D:11     | Reached skill level 5 in Armour
 14585 | D:11     | Offered knowledge of Kindle Blastsparks by Vehumet.
 14665 | D:11     | Killed a two-headed ogre
 14666 | D:11     | Reached skill level 16 in Spellcasting
 14727 | D:12     | Noticed a two-headed ogre
 14794 | D:12     | Noticed a two-headed ogre
 14804 | D:12     | Killed a two-headed ogre
 14816 | D:12     | Killed a two-headed ogre
 14817 | D:12     | Reached XP level 12. HP: 44/66 MP: 17/37
 15038 | D:12     | Reached **** piety under Vehumet
 15039 | D:12     | Reached skill level 10 in Conjurations
 15191 | D:12     | Noticed a two-headed ogre
 15194 | D:12     | Killed a two-headed ogre
 15208 | D:12     | Reached skill level 17 in Spellcasting
 15211 | D:12     | Noticed a stone giant
 15214 | D:12     | Noticed a two-headed ogre
 15317 | D:12     | Killed a stone giant
 15490 | D:12     | Identified the +5 hand axe of Nootz {spect, rElec rC+
                  | Dex-3}
 15501 | D:12     | Noticed a two-headed ogre
 15510 | D:12     | Killed a two-headed ogre
 15518 | D:12     | Offered knowledge of Flame Wave by Vehumet.
 15529 | D:12     | Found the +8 autumn katana {manifold assault}
 15539 | D:12     | Learned a level 4 spell: Flame Wave
 15605 | D:12     | Killed a two-headed ogre
 15714 | D:12     | Learned a level 5 spell: Freezing Cloud
 16405 | D:7      | Killed holysushi's ghost
 16409 | D:7      | Killed a two-headed ogre
 16410 | D:7      | Reached skill level 1 in Ice Magic
 16411 | D:7      | Reached skill level 1 in Shields
 16569 | D:8      | Reached skill level 10 in Fire Magic
 16572 | D:8      | Killed Newt's ghost
 16573 | D:8      | Reached skill level 18 in Spellcasting
 17246 | D:11     | Found a one-way gate to the infinite horrors of the Abyss.
 17265 | D:11     | Killed IdlyInterested's ghost
 17468 | D:13     | Noticed a centaur warrior
 17473 | D:13     | Shot with an arrow by a centaur warrior

Illustrated notes

Levels and vault maps discovered:
D:1:      heliophobic_arrival_glass_houses, layout_loops_corners,
          ebering_ecumenical_altar_mist, serial_shops,
          nicolae_shop_competitors_out_of_business, shop,
          nicolae_shop_hallway_stairs, nicolae_square_shop
D:2:      layout_loops_cross, uniq_natasha, uniq_robin
D:3:      layout_rooms, serial_rivers, chequers_serial_rivers_micro_c,
          chequers_serial_rivers_micro_d, chequers_serial_rivers_micro_e,
          chequers_serial_rivers_large_b, minivault_11
D:4:      minmay_evil_eye, layout_cave_pods, minmay_temple_entry_butterflies,
          uniq_crazy_yiuf_cottage, uniq_edmund, uniq_grinder
D:5:      layout_loops_ring, dancing_weapons_uskayaw,
          nicolae_overflow_crystal_walls, kennysheep_opposing_triangles,
          uniq_eustachio
D:6:      layout_basic, nicolae_qazlal_general_emergency,
          nemelex_diamond_rough_becter, overflow_temple_1_default,
          minmay_fountain_box, minmay_unpleasant_kobolds
D:7:      layout_loops_ring, grunt_temple_overflow_magic_moments,
          cheibriados_altar_1, gammafunk_ghost_wrathful_warriors
D:8:      layout_cave_pods, mainiacjoe_overflow_alcove_1,
          gammafunk_ghost_berserking_beasts, serial_shops, shop_fountains
D:9:      layout_roguey, mainiacjoe_overflow_alcove_2, xom_shifter_show,
          lightli_minifort
D:10:     layout_stronghold, elyvilon_altar_4, grunt_dithmenos_shadows,
          orc_david_3, uniq_harold, uniq_joseph
D:11:     layout_cave_pools, grunt_lair_entry_orc_guard_hut,
          gammafunk_ghost_abyssal_escape, grunt_ministairs_9
D:12:     cheibrodos_monumental, layout_rooms, serial_glass, glass_columns_a,
          glass_columns_c, glass_columns_c, glass_columns_b
D:13:     layout_loops_cross, grunt_vaults_entry_tiered,
          gammafunk_ghost_spectres
Temple:   nicolae_temple_colour_theory

Skill      XL: |  1  2  3  4  5  6  7  8  9 10 11 12 |
---------------+-------------------------------------+-----
Spellcasting   | 5 6 7 9 10 12 14 16 18 | 18.2
Fighting       | 1 2 3 4 |  4.0
Armour         | 1 2 3 5 6 |  6.2
Conjurations   | 2 3 4 5 7 8 9 11 | 11.0
Dodging        | 3 |  3.1
Stealth        | 3 |  3.0
Evocations     | 1 |  1.3
Fire Magic     | 2 4 5 7 8 10 | 10.2
Poison Magic   | 1 2 |  2.2
Air Magic      | 1 |  1.0
Earth Magic    | 1 |  1.1
Necromancy     | 1 |  1.4
Ice Magic      | 1 |  1.3
Shields        | 2 |  2.0
Summonings     | |  1.1
Translocations | |  1.1

Action                     |  1- 3 |  4- 6 |  7- 9 | 10-12 || total
---------------------------+-------+-------+-------+-------++-------
  Melee: Dagger            |    25 |    53 |   157 |   283 ||   518
         Punch             |       |       |     3 |     7 ||    10
         Headbutt          |       |       |       |    82 ||    82
         Katana            |       |       |       |    14 ||    14
         Hand axe          |       |       |       |    13 ||    13
   Cast: Magic Dart        |    85 |    93 |   234 |   221 ||   633
         Mephitic Cloud    |     2 |    10 |    36 |    97 ||   145
         Call Imp          |     1 |     4 |    12 |    20 ||    37
         Blink             |     1 |       |     3 |     8 ||    12
         Iron Shot         |       |       |       |    51 ||    51
         Flame Wave        |       |       |       |     3 ||     3
  Evoke: Wand              |       |       |     5 |    19 ||    24
    Use: Potion            |       |     2 |       |     1 ||     3
         Scroll            |       |       |     2 |    12 ||    14
   Stab: Confused          |       |     2 |    13 |    48 ||    63
         Sleeping          |       |     1 |       |       ||     1
         Paralysed         |       |       |     3 |    16 ||    19
         Distracted        |       |       |       |     1 ||     1
 Armour: Robe              |     6 |       |       |       ||     6
         Animal skin       |       |    15 |    43 |     9 ||    67
         Troll leather arm |       |       |       |    89 ||    89
  Dodge: Dodged            |    36 |    42 |    86 |   170 ||   334
  Block: Other             |       |       |    13 |    55 ||    68

Table legend: (Time is in decaauts)
 A = Elapsed time spent in this place.
 B = Non-inter-level travel time spent in this place.
 C = Inter-level travel time spent in this place.
 D = Time resting spent in this place.
 E = Time spent auto-exploring this place.
 F = Levels seen in this place.
 G = Mean time per level.
                   A        B        C        D        E       F      G
               +--------+--------+--------+--------+--------+-----+--------+
         Total |  17568 |  16070 |   1498 |   1538 |  11250 |  14 | 1254.9 |
       Dungeon |  17465 |  15976 |   1489 |   1538 |  11186 |  13 | 1343.5 |
        Temple |    103 |     95 |      8 |      0 |     64 |   1 |  103.0 |
               +--------+--------+--------+--------+--------+-----+--------+

Top non-repeatable levels by time:
    D:11: 2010 daAuts
    D:10: 1852 daAuts
     D:1: 1746 daAuts
     D:4: 1629 daAuts
     D:7: 1620 daAuts
     D:5: 1584 daAuts
     D:8: 1378 daAuts
     D:6: 1354 daAuts
    D:12: 1159 daAuts
     D:2: 1158 daAuts
     D:9: 1096 daAuts
     D:3: 868 daAuts
  Temple: 103 daAuts
    D:13: 4 daAuts
